 Dungeon Crawl Stone Soup version 0.31.0-11-ge490571c62 (webtiles) character file.

Game seed: 16199965162370535029

1275 retardedninja the Firebug (level 8, 0/43 HPs)
             Began as a Gargoyle Fire Elementalist on Feb 5, 2024.
             Was an Initiate of Vehumet.
             Slain by a wight
             ... wielding a +0 scimitar
              (9 damage)
             ... on level 6 of the Dungeon.
             The game lasted 00:12:27 (8083 turns).

retardedninja the Firebug (GrFE)                    Turns: 8083, Time: 00:12:29

Health: 0/43       AC:  7    Str: 12    XL:     8   Next: 53%
Magic:  26/26      EV: 11    Int: 24    God:    Vehumet [......]
Gold:   252        SH:  0    Dex: 10    Spells: 12/19 levels left

rFire   . . .        g - +0 short sword
rCold   . . .        (no shield)
rNeg    + . .        a - +0 robe
rPois   ∞            (no helmet)
rElec   +            (no cloak)
rCorr   .            (no gloves)
SInv    .            (no boots)
Will    .....        (no amulet)
Stlth   ++           C - +6 ring of intelligence
HPRegen 0.27/turn    z - ring of magical power
MPRegen 0.20/turn

%: no passive effects
@: about to teleport
A: sickness immunity, AC +5, negative energy resistance 1, electricity
resistance, torment resistance 1, petrification resistance
a: Renounce Religion


You were on level 6 of the Dungeon.
You worshipped Vehumet.
Vehumet was noncommittal.
You visited 2 branches of the dungeon, and saw 7 of its levels.
You also visited: Sewer.

You collected 252 gold pieces.

Inventory:

Hand Weapons
 g - a +0 short sword (weapon)
 y - a +0 trident
Armour
 a - a +0 robe (worn)
 n - a +2 helmet
 D - a +0 pair of gloves
Jewellery
 f - a ring of willpower
 p - an amulet of faith
 z - a ring of magical power (right hand)
 C - a +6 ring of intelligence (left hand)
Talismans
 i - a flux talisman
Scrolls
 b - a scroll of poison
 c - 3 scrolls of teleportation
 d - 4 scrolls of enchant weapon
 h - 2 scrolls of fear {unknown}
 r - a scroll of brand weapon {unknown}
 u - a scroll of silence {unknown}
 v - a scroll of noise {unknown}
 w - a scroll of identify {unknown}
 A - 3 scrolls of revelation {unknown}
Potions
 e - 3 potions of brilliance {unknown}
 j - 4 potions of heal wounds {unknown}
 k - a potion of enlightenment {unknown}
 l - a potion of resistance {unknown}
 m - a potion of berserk rage {unknown}
 o - 2 potions of curing {unknown}
 q - 3 potions of haste {unknown}
 s - 2 potions of invisibility {unknown}
 t - a potion of mutation {unknown}
 x - 2 potions of lignification {unknown}
 B - a potion of might {unknown}


   Skills:
 + Level 1.0 Fighting
 + Level 0.4 Short Blades
 - Level 1.5 Dodging
 - Level 2.1 Stealth
 + Level 6.2 Spellcasting
 + Level 4.9 Conjurations
 + Level 6.6 Fire Magic


You had 12 spell levels left.
You knew the following spells:

 Your Spells              Type           Power      Damage    Failure   Level
a - Foxfire               Conj/Fire      100%       2x1d9     1%          1
b - Scorch                Fire           78%        2d8       1%          2
c - Flame Wave            Conj/Fire      35%        2d10      7%          4

Your spell library contained the following spells:

 Spells                   Type           Power      Damage    Failure   Level
 Sting                    Conj/Alch      76%        1d7       2%          1
 Inner Flame              Hex/Fire       23%        N/A       6%          3
 Volatile Blastmotes      Fire/Tloc      46%        2d13      6%          3
 Ensorcelled Hibernation  Hex/Ice        14%        N/A       12%         2
 Mercury Vapours          Alch/Air       14%        N/A       12%         2
 Fugue of the Fallen      Necr           7%         N/A       24%         3
 Anguish                  Hex/Necr       3%         N/A       61%         4
 Olgreb's Toxic Radiance  Alch           7%         N/A       61%         4


Dungeon Overview and Level Annotations

Branches:
Dungeon (6/15)             Temple (1/1) D:4           Sewer (visited)

Altars:
Cheibriados
Dithmenos
Elyvilon
Fedhas
Gozag
Hepliaklqana
Kikubaaqudgha
Makhleb
Nemelex Xobeh
Qazlal
Ru
Sif Muna
Trog
Uskayaw
Vehumet
Wu Jian
Xom
Yredelemnul
The Shining One

Shops:
D:6 (


Innate Abilities, Weirdness & Mutations

You are immune to sickness and miasma.
Your stone body is resilient. (AC +5)
You are immune to poison.
You resist negative energy. (rN+)
You are resistant to electric shocks. (rElec)
You are resistant to unholy torment.
You are immune to petrification.


Message History

Vehumet accepts your kill.
Your Fighting skill increases to level 1!
Casting: Foxfire (safe; 1% risk of failure)
Confirm with . or Enter, or press ? or * to list all spells.
You can't see any susceptible monsters within range! (Use Z to cast anyway.)
D - a +0 pair of gloves You see here a water moccasin corpse.
Key pressed, stopping explore.
You now have 236 gold pieces (gained 17).
Key pressed, stopping explore.
Key pressed, stopping explore.
Key pressed, stopping explore.
You now have 252 gold pieces (gained 16).
Key pressed, stopping explore.
Key pressed, stopping explore. 4 wights come into view.
A wight is wielding a +3 trident of freezing.
There are monsters nearby!
There are monsters nearby!
Okay, then.
The wight barely misses you.
You hit the wight.
The wight is lightly damaged.
The wight hits you with a +0 scimitar.
You hit the wight but do no damage.
The wight is lightly damaged.
The wight hits you with a +0 scimitar! The wight closely misses you.
Casting: Foxfire (safe; 1% risk of failure)
Confirm with . or Enter, or press ? or * to list all spells.
Okay, then.
The wight barely misses you.
The wight hits you from afar with a +3 halberd.
Unknown command.
The wight hits you with a +0 scimitar.
The wight hits you from afar with a +3 halberd!
* * * LOW HITPOINT WARNING * * *
As you read the scroll of teleportation, it crumbles to dust.
You feel strangely unstable. The wight barely misses you.
The wight hits you with a +0 scimitar!
You die...

#.....########.. #...### #.# #.#
###.#.### #.# #.# #...#...# ##.#
#.# ####.#####.# #... #.#
#......#...# #... #.#
#.##.#.#.### #... .######.#
#.##.#...# #... ....)...#
#.##@##### #... #######.## #.##z#
#... ......<..## #.##z#
##########†..
#####.....###.##z####............
#).)....##...z.....########..#
####..............##### #..#
.....)......###.#.# #..#
####)#######.##.#.# #..#
##[#.....#.##.#...zzzz. ...#


You could see 4 wights.

Vanquished Creatures
  A water moccasin (D:6)
  An ogre (D:4)
  A kobold brigand (D:6)
  Blork the orc (D:6)
  2 brain worms (Sewer)
  A bullfrog (D:6)
  2 scorpions
  A hound (D:5)
  3 bombardier beetles
  2 orc priests
  4 iguanas
  Natasha (thrice) (D:2)
  3 orc wizards (D:5)
  Robin (D:3)
  5 adders
  A river rat (Sewer)
  2 white imps
  4 dart slugs
  2 ribbon worms
  6 orcs
  6 endoplasms
  10 giant cockroaches
  20 goblins
  7 hobgoblins
  6 jackals
  10 quokkas
  12 ball pythons
  4 bats
  6 frilled lizards
  9 kobolds
  10 rats
146 creatures vanquished.

Vanquished Creatures (others)
  463 foxfires
463 creatures vanquished.

Grand Total: 609 creatures vanquished

Notes
Turn   | Place    | Note
-------+----------+-------------------------------------------
     0 | D:1      | retardedninja the Gargoyle Fire Elementalist began the
                  | quest for the Orb.
     0 | D:1      | Reached XP level 1. HP: 10/10 MP: 3/3
   147 | D:1      | Reached XP level 2. HP: 15/15 MP: 1/5
   622 | D:1      | Reached XP level 3. HP: 19/19 MP: 3/6
  1103 | D:2      | Learned a level 2 spell: Scorch
  1213 | D:2      | Noticed Natasha
  1220 | D:2      | Killed Natasha
  1221 | D:2      | Reached XP level 4. HP: 19/24 MP: 2/8
  1440 | D:2      | Found a shimmering blue altar of Sif Muna.
  1607 | D:2      | Noticed Natasha
  1621 | D:2      | Killed Natasha
  1626 | D:2      | Noticed Natasha
  1636 | D:2      | Killed Natasha
  1637 | D:2      | Reached XP level 5. HP: 9/28 MP: 4/9
  2857 | D:3      | Noticed Robin
  2865 | D:3      | Killed Robin
  3252 | D:3      | Found a glowing drain.
  3256 | Sewer    | Entered a sewer
  3455 | Sewer    | Reached XP level 6. HP: 32/32 MP: 8/11
  3646 | Sewer    | Reached skill level 5 in Fire Magic
  4488 | D:4      | Reached XP level 7. HP: 19/37 MP: 6/13
  4574 | D:4      | Learned a level 4 spell: Flame Wave
  5564 | D:4      | Reached skill level 5 in Spellcasting
  5828 | D:4      | Found a staircase to the Ecumenical Temple.
  5842 | Temple   | Entered the Ecumenical Temple
  5909 | Temple   | Became a worshipper of Vehumet
  6020 | D:5      | Entered Level 5 of the Dungeon
  7193 | D:5      | Reached XP level 8. HP: 30/42 MP: 16/16
  7689 | D:6      | Found Arphosada's Weapon Boutique.
  7691 | D:6      | Noticed Blork the orc
  7699 | D:6      | Killed Blork the orc
  7935 | D:6      | Reached skill level 1 in Fighting
  8083 | D:6      | Slain by a wight

Illustrated notes

Levels and vault maps discovered:
D:1:      nzn_arrival_settlement, layout_rooms
D:2:      layout_basic, basic_altar, uniq_natasha
D:3:      layout_rooms, mainiacjoe_sewer_entry_somewhere_in_here_1,
          nicolae_titane, uniq_robin
D:4:      layout_loops_corners, minmay_temple_entry_antechambers,
          kennysheep_dice
D:5:      layout_layer_cave
D:6:      layout_loops_ring, minmay_misc_feat_secret_circle,
          nicolae_take_the_stairs, grunt_decor_resistance, uniq_blork_the_orc,
          uniq_edmund, uniq_menkaure
Temple:   compressed_dpeg_triangle_lava_temple

Skill      XL: |  1  2  3  4  5  6  7  8 |
---------------+-------------------------+-----
Conjurations   | 2 3 4 |  4.9
Spellcasting   | 3 4 5 6 |  6.2
Fire Magic     | 4 5 6 |  6.6
Fighting       | 1 |  1.0
Short Blades   | |  0.4
Dodging        | |  1.5
Stealth        | |  2.1

Action                     |  1- 3 |  4- 6 |  7- 9 || total
---------------------------+-------+-------+-------++-------
  Melee: Dagger            |    22 |       |       ||    22
         Unarmed           |     6 |       |       ||     6
         Short sword       |     1 |    10 |     3 ||    14
   Cast: Foxfire           |    56 |   105 |   123 ||   284
         Scorch            |       |    27 |    29 ||    56
    Use: Potion            |       |     1 |       ||     1
         Scroll            |       |     6 |     1 ||     7
 Armour: Robe              |    31 |    50 |    45 ||   126
  Dodge: Dodged            |    29 |    48 |    32 ||   109
